 Dungeon Crawl Stone Soup version 0.31-a0-986-g5e6e4ef867 (webtiles) character file.

Game seed: 11184622797982050797

21 croobank the Sneak (level 2, -3/25 HPs)
             Began as a Demigod Delver on Nov 4, 2023.
             Slain by a black bear (4 damage)
             ... on level 5 of the Dungeon.
             The game lasted 00:02:52 (851 turns).

croobank the Sneak (Demigod Delver)                  Turns: 851, Time: 00:02:53

Health: -3/25      AC:  3    Str: 13    XL:     2   Next: 48%
Magic:  4/4        EV: 12    Int: 12    God:
Gold:   7          SH:  0    Dex: 15    Spells: 1/1 levels left

rFire   . . .        a - +0 short sword
rCold   . . .        (no shield)
rNeg    . . .        b - +0 leather armour
rPois   .            (no helmet)
rElec   .            (no cloak)
rCorr   .            (no gloves)
SInv    .            (no boots)
Will    .....        (no amulet)
Stlth   +++          (no ring)
HPRegen 0.24/turn    (no ring)
MPRegen 0.09/turn

%: no passive effects
@: no status effects
A: high MP 1, forlorn, divine attributes
a: no special abilities


You were on level 5 of the Dungeon.
You visited 1 branch of the dungeon, and saw 3 of its levels.

You collected 7 gold pieces.

Inventory:

Hand Weapons
 a - a +0 short sword (weapon)
 e - a +0 flail
 f - a +0 falchion
Armour
 b - a +0 leather armour (worn)
Wands
 g - a wand of digging (3)
Scrolls
 c - a scroll of fog
 d - a scroll of revelation


   Skills:
 + Level 2.9 Fighting
 + Level 2.1 Short Blades
 + Level 2.1 Dodging
 + Level 4.7 Stealth


You had one spell level left.
You didn't know any spells.
Your spell library was empty.

Dungeon Overview and Level Annotations

Branches:
Dungeon (6/15)
 Temple: D:4-7

Annotations:
D:4 Blork the orc


Innate Abilities, Weirdness & Mutations

You have an increased reservoir of magic. (+10% MP)
You shall have no god before yourself.
Your divine heritage dramatically boosts your attributes as you level up.


Message History

The hobgoblin barely misses you.
You barely miss the hobgoblin.
The hobgoblin is severely wounded.
The hobgoblin hits you but does no damage.
You hit the hobgoblin.
You kill the hobgoblin!
Blork the orc comes into view.
He is wielding a +0 glaive and wearing a +2 robe of willpower.
Found a scroll labelled RUTROD LEDO.
There is an escape hatch in the floor here.
You slide downwards.
The hatch slams shut behind you.
Found 7 gold pieces and a fizzy amethyst potion.
You start waiting.
Done waiting.
You now have 7 gold pieces.
You see here a fizzy amethyst potion.
Found 13 gold pieces.
The helpless black bear fails to defend itself.
You puncture the black bear!
The black bear is heavily wounded.
The black bear misses you. The black bear claws you. x2
Okay, then.
You aren't carrying any potions.
You aren't carrying any potions.
The black bear attacks as it pursues you!
The black bear bites you. The black bear claws you. The black bear misses you.
You see here a fizzy amethyst potion.
It was a potion of magic.
Magic courses through your body. The black bear bites you.
The black bear barely misses you. The black bear claws you.
You closely miss the black bear.
The black bear is moderately wounded.
The black bear bites you. The black bear misses you. The black bear claws you.
You hit the black bear but do no damage.
The black bear is moderately wounded.
The black bear bites you.
* * * LOW HITPOINT WARNING * * *
The black bear claws you.
* * * LOW HITPOINT WARNING * * *
The black bear claws you.
You die...

#.. #.# #.# ..#
#.. # #.# #.# #
#.#.# #$# .#
##.#.# #.# #.#
#....######.##..
#####
#........#.#
##...
####@h.....#
..... #######.#
.... #.. ###..##
##.# .....# # #
#...#.#
#.####.<.#.#
#..........#
######...###


You could see a black bear.

Vanquished Creatures
  An adder (D:5)
  3 orcs (D:5)
  2 hobgoblins (D:4)
  A kobold (D:5)
  A quokka (D:5)
  A goblin (D:5)
9 creatures vanquished.

Notes
Turn   | Place    | Note
-------+----------+-------------------------------------------
     0 | D:5      | croobank the Demigod Delver began the quest for the Orb.
     0 | D:5      | Reached XP level 1. HP: 18/18 MP: 3/3
    43 | D:6      | Noticed an orc wizard
   187 | D:4      | Noticed an orc wizard
   209 | D:5      | Reached XP level 2. HP: 6/25 MP: 4/4
   726 | D:4      | Noticed Blork the orc
   731 | D:5      | Noticed a black bear
   851 | D:5      | HP: 1/25 [black bear (2)]
   851 | D:5      | Slain by a black bear

Illustrated notes

Levels and vault maps discovered:
D:4:      layout_gridville, kennysheep_mini, mainiacjoe_overflow_boulevard,
          mainiacjoe_overflow_cross_hatched, kennysheep_generic_room_15,
          uniq_natasha, uniq_blork_the_orc
D:5:      layout_loops_ring, general_overflow_altar, lemuel_temple_firewalk_b,
          ebering_ghost_disaster_area
D:6:      layout_loops_corners, fedhas_altar_1, zin_purify,
          nzn_hepliaklqana_mist_gate, uniq_sigmund, uniq_maggie

Skill      XL: |  1 |
---------------+----+-----
Short Blades   | 2 |  2.1
Dodging        | 2 |  2.1
Fighting       | |  2.9
Stealth        | |  4.7

Action                     || total
---------------------------++-------
  Melee: Short sword       ||    69
    Use: Potion            ||     2
         Scroll            ||     1
   Stab: Sleeping          ||     1
 Armour: Leather armour    ||    51
  Dodge: Dodged            ||    38

Table legend: (Time is in decaauts)
 A = Elapsed time spent in this place.
 B = Non-inter-level travel time spent in this place.
 C = Inter-level travel time spent in this place.
 D = Time resting spent in this place.
 E = Time spent auto-exploring this place.
 F = Levels seen in this place.
 G = Mean time per level.
                   A        B        C        D        E       F      G
               +--------+--------+--------+--------+--------+-----+--------+
         Total |    827 |    827 |      0 |    611 |     41 |   3 |  275.7 |
       Dungeon |    827 |    827 |      0 |    611 |     41 |   3 |  275.7 |
               +--------+--------+--------+--------+--------+-----+--------+

Top non-repeatable levels by time:
     D:5: 710 daAuts
     D:6: 69 daAuts
     D:4: 47 daAuts
